 Dungeon Crawl Stone Soup version 0.22-a0-49-g614aadd (webtiles) character file.

3282 KristoblXynda the Covert (level 10, -1/120 HPs)
             Began as a Naga Gladiator on Jan 8, 2018.
             Was a Believer of Okawaru.
             Slain by Menkaure (5 damage)
             ... on level 7 of the Dungeon.
             The game lasted 00:15:16 (9104 turns).

KristoblXynda the Covert (Naga Gladiator)           Turns: 9104, Time: 00:15:16

Health: -1/120     AC: 25    Str: 17    XL:     10   Next: 0%
Magic:  13/13      EV:  1    Int: 11    God:    Okawaru [**....]
Gold:   613        SH:  5    Dex: 13    Spells: 9/9 levels left

rFire    . . .     SeeInvis +   n - +2 war axe (freeze)
rCold    . . .     Gourm    .   j - +1 buckler
rNeg     + + +     Faith    .   (armour currently unavailable)
rPois    +         Spirit   .   (helmet currently unavailable)
rElec    .         Reflect  .   (cloak currently unavailable)
rCorr    .         Harm     .   (gloves currently unavailable)
MR       +....     NoTele   +   (no barding)
Stlth    ++++......             (no amulet)
HPRegen  0.30/turn              (no ring)
MPRegen  0.13/turn              (no ring)

@: short of breath, tree-form
A: large, see invisible, slow metabolism 1, spit poison 1, AC +3
a: Spit Poison, Heroism, Renounce Religion


You were on level 7 of the Dungeon.
You worshipped Okawaru.
Okawaru was pleased with you.
You were full.
You were a tree.
You visited 2 branches of the dungeon, and saw 8 of its levels.
You also visited: Ossuary.

You collected 613 gold pieces.

Inventory:

Hand Weapons
 n - a +2 war axe of freezing (weapon)
 A - a +0 war axe
Missiles
 d - 3 throwing nets (quivered)
 i - 7 javelins
Armour
 c - a +0 helmet (melded)
 j - a +1 buckler (worn)
 k - a +0 ring mail (melded)
Jewellery
 t - an uncursed amulet of magic regeneration
Wands
 o - a wand of iceblast (9)
Scrolls
 g - 4 scrolls of remove curse
 u - 3 scrolls of teleportation
 v - 2 scrolls of enchant armour
 x - 3 scrolls of identify
 y - 2 scrolls of immolation
 C - a scroll of magic mapping
 D - a scroll of blinking
Potions
 a - 2 potions of lignification
 b - a potion of brilliance
 e - a potion of curing
 l - a potion of magic {unknown}
 m - 2 potions of cancellation
 q - a potion of might
 r - a potion of haste {unknown}
 s - a potion of flight {unknown}
 w - a potion of agility
 z - a potion of ambrosia {unknown}
Books
 h - a book of Misfortune

   Spells                             Type                      Level
   a - Confusing Touch                Hexes                        1
   b - Confuse                        Hexes                        3
   c - Gell's Gravitas                Translocation                3
   d - Petrify                        Transmutation/Earth          4
   e - Metabolic Englaciation         Hexes/Ice                    5
   f - Yara's Violent Unravelling     Hexes/Transmutation          5
 p - a book of Changes

   Spells                             Type                      Level
   a - Beastly Appendage              Transmutation                1
   b - Sticks to Snakes               Transmutation                2
   c - Spider Form                    Transmutation/Poison         3
   d - Ice Form                       Ice/Transmutation            4
   e - Blade Hands                    Transmutation                5
Comestibles
 f - 12 rations


   Skills:
 - Level 2.0 Fighting
 + Level 8.1 Axes
 - Level 2.4 Throwing
 - Level 5.0 Armour
 - Level 3.3 Dodging
 + Level 8.8 Stealth
 - Level 3.0 Shields
 + Level 4.6 Invocations
 + Level 3.5 Evocations


You had 9 spell levels left.
You didn't know any spells.

Dungeon Overview and Level Annotations

Branches:
Dungeon (7/15)             Temple (1/1) D:6

Altars:
Ashenzari
Cheibriados
Dithmenos
Elyvilon
Fedhas
Gozag
Hepliaklqana
Nemelex Xobeh
Okawaru
Ru
Sif Muna
Trog
Uskayaw
Vehumet
Wu Jian
Xom
Yredelemnul
Zin
The Shining One
Jiyva

Shops:
D:4 (?}*

Annotations:
D:7 Menkaure


Innate Abilities, Weirdness & Mutations

You cannot wear boots.
((Your serpentine skin is tough. (AC +3)))
You have supernaturally acute eyesight. (SInv)
((Armour fits poorly on your strangely shaped body.))
((Your system is resistant to poisons. (rPois)))
((You cover ground very slowly.))
You have a slow metabolism.
You can spit poison.


Message History

You turn into a tree.
Your +0 helmet melds into your body.
Your +0 ring mail melds into your body.
Your roots penetrate the ground.
Menkaure hits you but does no damage.
The two-headed ogre hits you but does no damage.
You block the two-headed ogre's attack. Menkaure hits you but does no damage.
You slash the two-headed ogre! You freeze the two-headed ogre.
The two-headed ogre is almost dead.
You hit Menkaure. You freeze Menkaure.
The two-headed ogre hits you with a giant spiked club!!
* * * LOW HITPOINT WARNING * * *
The two-headed ogre hits you but does no damage.
Menkaure hits you.
* * * LOW HITPOINT WARNING * * *
Okay, then.
Press: ? - help, Shift-Dir - straight line The splash of poison hits the two-headed ogre.
The two-headed ogre looks even sicker.
The two-headed ogre is almost dead.
You feel slightly less full. Menkaure hits you.
You die...

*,.......=..,,....##.....#
*,.........#####..........
***#..........###..#......
#..........####..##†...
#)......>..............
#.....†....#####.......
#.....?....#,....##....
#....MO....#.....*##<..
######♣#####.....# #...
#.# #.....# #... #.#
#.....###..#
#.#####..........#
#.##........###...
#..#.##.....# #...
##.#........###...
####....##.#*##.÷)).
#.......##†# #..#...


You could see a two-headed ogre and Menkaure.

Vanquished Creatures
  A two-headed ogre (D:7)
  2 black bears
  An orc warrior (D:7)
  A phantom (D:3)
  3 ogres
  An eye of draining (D:7)
  2 centaurs
  3 bullfrogs
  A scorpion (D:7)
  4 wights (D:6)
  An electric eel (D:6)
  A centaur zombie (D:7)
  A crimson imp (D:6)
  5 hounds
  A jelly (D:6)
  A bullfrog zombie (D:6)
  5 orc priests
  3 bullfrog skeletons
  9 orc wizards
  7 worker ants
  8 mummies (Ossuary)
  A worker ant zombie (D:6)
  A howler monkey skeleton (D:4)
  A gnoll (D:1)
  10 adders
  An ooze (D:1)
  An adder skeleton (D:7)
  4 worms
  4 dart slugs
  7 leopard geckos
  43 orcs
  9 bats
  3 giant cockroaches
  2 gnoll zombies (Ossuary)
  7 goblins
  6 hobgoblins
  8 jackals
  7 quokkas
  4 ball pythons
  A frilled lizard (D:4)
  3 hobgoblin zombies (Ossuary)
  7 kobolds
  3 kobold zombies (Ossuary)
  2 quokka zombies (D:5)
  5 rats
  A spectral orc (D:4)
202 creatures vanquished.

Notes
Turn   | Place    | Note
-------+----------+-------------------------------------------
     0 | D:1      | KristoblXynda the Naga Gladiator began the quest for the Orb.
     0 | D:1      | Reached XP level 1. HP: 19/19 MP: 1/1
    96 | D:1      | Reached XP level 2. HP: 23/26 MP: 2/2
   161 | D:1      | Reached XP level 3. HP: 11/32 MP: 3/3
  1428 | D:2      | Noticed an ogre
  1436 | D:2      | Killed an ogre
  1436 | D:2      | Reached skill level 1 in Armour
  1436 | D:2      | Reached XP level 4. HP: 28/39 MP: 4/4
  1436 | D:2      | Reached XP level 5. HP: 33/45 MP: 5/5
  1833 | D:2      | Found a shimmering altar of Xom.
  2075 | D:3      | Reached skill level 1 in Shields
  2080 | D:3      | Reached XP level 6. HP: 26/52 MP: 6/6
  2834 | D:3      | Noticed a phantom
  3198 | D:3      | Killed a phantom
  3236 | D:3      | Found a snail-covered altar of Cheibriados.
  3334 | D:3      | Reached skill level 5 in Axes
  3334 | D:3      | Reached XP level 7. HP: 48/60 MP: 7/7
  3733 | D:4      | Found Noygo's Magic Scroll Emporium.
  3942 | D:4      | Found Feenup's General Store.
  3985 | D:4      | Found a shattered altar of Ashenzari.
  4483 | D:4      | Found an iron altar of Okawaru.
  4573 | D:4      | Found Wianliuc's Weapon Shoppe.
  4678 | D:4      | Found a basalt altar of Yredelemnul.
  4809 | D:4      | Found Huololy's Gadget Shop.
  4936 | D:4      | Found a glowing silver altar of Zin.
  5038 | D:5      | Entered Level 5 of the Dungeon
  5260 | D:5      | Found a sand-covered staircase.
  5273 | Ossuary  | Entered an ossuary
  5297 | Ossuary  | Reached skill level 1 in Stealth
  5497 | Ossuary  | Reached XP level 8. HP: 63/67 MP: 8/8
  5949 | D:5      | Found a shattered altar of Ashenzari.
  5950 | D:5      | Found a hide-covered altar of Uskayaw.
  6271 | D:4      | Became a worshipper of Warmaster Okawaru
  6734 | D:6      | Reached skill level 5 in Stealth
  7428 | D:6      | Found a sparkling altar of Nemelex Xobeh.
  7475 | D:6      | Reached * piety under Okawaru
  7619 | D:6      | Reached skill level 1 in Invocations
  7623 | D:6      | Reached XP level 9. HP: 14/73 MP: 8/10
  7962 | D:6      | Found a staircase to the Ecumenical Temple.
  8013 | D:6      | Reached skill level 5 in Armour
  8096 | D:6      | Found an ornate altar of the Wu Jian Council.
  8096 | D:6      | Found a shimmering altar of Xom.
  8228 | Temple   | Entered the Ecumenical Temple
  8365 | D:7      | Found a white marble altar of Elyvilon.
  8531 | D:7      | Noticed a two-headed ogre
  8542 | D:7      | Reached skill level 1 in Evocations
  8543 | D:7      | Killed a two-headed ogre
  8543 | D:7      | Reached ** piety under Okawaru
  8954 | D:7      | Found an opulent altar of Gozag.
  9092 | D:7      | Noticed a two-headed ogre
  9095 | D:7      | Noticed Menkaure
  9097 | D:7      | Reached XP level 10. HP: 71/80 MP: 13/13
  9103 | D:7      | HP: 5/120 [two-headed ogre/giant spiked club (19)]
  9104 | D:7      | Slain by Menkaure

Vault maps used:
D:1:      dpeg_arrival_renting
D:2:      tgw_xom
D:3:      cheibriados_altar_1
D:4:      kennysheep_okawaru_gauntlet, nicolae_overflow_hidden_temple,
          yredelemnul_forgotten_temple_becter, serial_shops, shop,
          kennysheep_mini_moat, shop, nicolae_shop_stone, first_ration,
          evilmike_ruin_ashenzari
D:5:      gammafunk_temple_overflow_statue, enter_ossuary_4
D:6:      gammafunk_temple_overflow_wave, nicolae_overflow_crystal_walls,
          minmay_temple_entry_hall, kennysheep_generic_room_16
D:7:      kennysheep_mini, basic_altar, uniq_menkaure
Temple:   pf_slimified_temple
Ossuary:  ossuary_tomb_3

Skill      XL: |  1  2  3  4  5  6  7  8  9 |
---------------+----------------------------+-----
Throwing       | 2 |  2.4
Dodging        | 3 |  3.3
Axes           | 4 5 7 8 |  8.1
Armour         | 1 2 3 4 5 |  5.0
Shields        | 1 2 3 |  3.0
Stealth        | 1 6 8 |  8.8
Invocations    | 1 4 |  4.6
Evocations     | 3 |  3.5
Fighting       | |  2.0

Action                   |  1- 3 |  4- 6 |  7- 9 | 10-12 || total
-------------------------+-------+-------+-------+-------++-------
Melee: War axe           |    44 |   151 |   364 |     4 ||   563
Throw: Throwing net      |       |     1 |       |       ||     1
 Abil: Spit Poison       |     5 |     8 |    12 |     2 ||    27
Evoke: Wand              |       |       |     3 |     1 ||     4
  Use: Scroll            |       |     4 |    15 |       ||    19
       Potion            |       |     2 |     5 |     1 ||     8
 Stab: Sleeping          |       |       |     2 |       ||     2
       Distracted        |       |       |     1 |       ||     1
  Eat: Chunk             |     1 |     4 |     2 |       ||     7
       Ration            |       |     1 |     5 |       ||     6
Armor: Leather armour    |    16 |       |       |       ||    16
       Ring mail         |     4 |    75 |   150 |       ||   229
       Skin              |       |       |    15 |     4 ||    19
Dodge: Dodged            |    36 |    79 |   221 |     1 ||   337
Block: Buckler           |     1 |    37 |   125 |     2 ||   165

Table legend:
 A = Spawn XP
 B = Non-spawn XP
 C = Spawn XP percentage of total XP
 D = Spawn monster count
 E = Non-spawn monster count
 F = Spawn count percentage of total count
 G = Total turns spent on level
                    A         B        C        D         E        F      G
               +---------+---------+-------+---------+---------+-------+---------
         Total |       0 |    4689 |   0.0 |       0 |     202 |   0.0 |  9104
               +---------+---------+-------+---------+---------+-------+---------
           D:1 |       0 |      53 |   0.0 |       0 |      18 |   0.0 |  1044
           D:2 |       0 |     171 |   0.0 |       0 |      16 |   0.0 |  1274
           D:3 |       0 |     410 |   0.0 |       0 |      40 |   0.0 |  1320
           D:4 |       0 |     414 |   0.0 |       0 |      30 |   0.0 |  1592
           D:5 |       0 |     276 |   0.0 |       0 |       7 |   0.0 |   588
           D:6 |       0 |    1099 |   0.0 |       0 |      32 |   0.0 |  1858
           D:7 |       0 |    2112 |   0.0 |       0 |      43 |   0.0 |   751
       Ossuary |       0 |     154 |   0.0 |       0 |      16 |   0.0 |   573
               +---------+---------+-------+---------+---------+-------+---------
